 Dungeon Crawl Stone Soup version 0.28.0 (webtiles) character file.

Game seed: 841726961406486214

235 shoop the Chucker (level 6, -3/62 HPs)
             Began as an Ogre Hunter on Feb 13, 2022.
             Killed from afar by a white imp (12 damage)
             ... with a puff of frost
             ... summoned by Natasha
             ... on level 2 of the Dungeon.
             The game lasted 00:04:04 (1962 turns).

shoop the Chucker (Ogre Hunter)                     Turns: 1962, Time: 00:04:05

Health: -3/62      AC:  3    Str: 19    XL:     6   Next: 5%
Magic:  6/6        EV: 10    Int: 12    God:
Gold:   47         SH:  0    Dex:  9    Spells: 5/5 levels left

rFire   . . .      SeeInvis .   l - +2 spear (freeze)
rCold   . . .      Faith    .   (no shield)
rNeg    . . .      Spirit   .   b - +0 robe
rPois   .          Reflect  .   (helmet restricted)
rElec   .          Harm     .   (no cloak)
rCorr   .          Rampage  .   (gloves unavailable)
Will    .....                   (boots unavailable)
Stlth   ++........              (no amulet)
HPRegen 0.20/turn               (no ring)
MPRegen 0.10/turn               (no ring)

@: no status effects
A: large, unfitting armour, tough skin 1
a: no special abilities


You were on level 2 of the Dungeon.
You visited 1 branch of the dungeon, and saw 2 of its levels.

You collected 47 gold pieces.

Inventory:

Hand Weapons
 a - a +0 short sword
 e - a +0 whip
 l - a +2 spear of freezing (weapon)
Missiles
 c - 4 large rocks
 d - 2 throwing nets
 f - 59 stones (quivered)
 m - 5 boomerangs
Armour
 b - a +0 robe (worn)
Scrolls
 h - a scroll of fear {unknown}
 i - 2 scrolls of vulnerability {unknown}
 k - a scroll of identify {unknown}
Potions
 g - a potion of invisibility {unknown}
 j - a potion of might {unknown}


   Skills:
 + Level 4.3 Fighting
 + Level 2.0 Maces & Flails
 + Level 4.7 Throwing
 + Level 2.9 Dodging
 + Level 2.1 Stealth


You had 5 spell levels left.
You didn't know any spells.
Your spell library was empty.

Dungeon Overview and Level Annotations

Branches:
Dungeon (2/15)

Altars:

Annotations:
D:2 Natasha


Innate Abilities, Weirdness & Mutations

You are too large for most types of armour.
You have tough skin. (AC +1)


Message History

The white imp barely misses you. The bat closely misses you.
You closely miss Natasha. The bat hits you but does no damage.
Natasha claws you. The white imp closely misses you.
You barely miss Natasha.
Natasha stares at you and mumbles some strange words.
The magic dart hits you. The iron imp barely misses you.
The white imp hits you. The white imp freezes you.
The bat hits you but does no damage. Natasha claws you but does no damage.
You are too injured to fight recklessly!
You are too injured to fight recklessly!
You are too injured to fight recklessly!
You are too injured to fight recklessly!
You are too injured to fight recklessly!
You are too injured to fight recklessly!
You are too injured to fight recklessly!
You are too injured to fight recklessly!
You are too injured to fight recklessly!
You are too injured to fight recklessly!
You are too injured to fight recklessly!
You are too injured to fight recklessly!
Unknown command.
You hit Natasha. You freeze Natasha.
Natasha is moderately wounded.
The bat closely misses you. The white imp puffs mist at you.
The white imp completely misses you. The iron imp hits you!
* * * LOW HITPOINT WARNING * * *
Natasha claws you but does no damage. The bat hits you but does no damage.
You puncture Natasha! You freeze Natasha.
Natasha is almost dead.
The bat completely misses you. The white imp hits you.
* * * LOW HITPOINT WARNING * * *
The white imp freezes you.
* * * LOW HITPOINT WARNING * * *
The iron imp hits you.
* * * LOW HITPOINT WARNING * * *
Natasha barely misses you. The white imp gestures at you.
The puff of frost hits you!
You die...

#..#.# #.# ......#
#.......#
...........h......#.##
#.####......##.#.#.....
# ###....##.#.....###
####.##.##b#..# #
.##.##.#..#
....#.h.....#
.....55@...#
##..####5### #.########
..####.........
#........####### ###
#..#####.......# ####..
#######.# #.....
#.###.##.# ###........#


You could see an iron imp (summoned), Natasha, a white imp (summoned), a shadow
imp (summoned) and a bat.

Vanquished Creatures
  Sigmund (D:2)
  An orc priest (D:2)
  Robin (D:1)
  An adder (D:2)
  2 orcs (D:2)
  A ball python (D:2)
  4 endoplasms
  A hobgoblin (D:1)
  2 jackals (D:1)
  3 bats
  3 frilled lizards (D:1)
  14 goblins
  3 kobolds
  2 rats
39 creatures vanquished.

Notes
Turn   | Place    | Note
-------+----------+-------------------------------------------
     0 | D:1      | shoop the Ogre Hunter began the quest for the Orb.
     0 | D:1      | Reached XP level 1. HP: 22/22 MP: 1/1
   357 | D:1      | Reached XP level 2. HP: 13/29 MP: 2/2
   728 | D:2      | Reached skill level 1 in Stealth
  1033 | D:2      | Noticed Robin
  1158 | D:2      | Reached XP level 3. HP: 33/37 MP: 3/3
  1222 | D:1      | Killed Robin
  1471 | D:2      | Noticed Sigmund
  1472 | D:2      | Killed Sigmund
  1473 | D:2      | Reached skill level 1 in Maces & Flails
  1473 | D:2      | Reached XP level 4. HP: 48/48 MP: 4/4
  1473 | D:2      | Reached XP level 5. HP: 54/54 MP: 5/5
  1495 | D:2      | Noticed Natasha
  1897 | D:2      | Reached XP level 6. HP: 61/62 MP: 6/6
  1962 | D:2      | Killed from afar by a white imp

Illustrated notes

Levels and vault maps discovered:
D:1:      scummos_arrival_forest, layout_rooms
D:2:      layout_loops_ring, nicolae_figureground_sparkle, uniq_natasha,
          uniq_robin, uniq_sigmund, uniq_crazy_yiuf_cottage

Skill      XL: |  1  2  3  4  5 |
---------------+----------------+-----
Dodging        | 2 |  2.9
Fighting       | 3 4 |  4.3
Stealth        | 1 2 |  2.1
Maces & Flails | 1 2 |  2.0
Throwing       | |  4.7

Action                   |  1- 3 |  4- 6 || total
-------------------------+-------+-------++-------
Melee: Whip              |    84 |       ||    84
       Short sword       |     2 |       ||     2
       Punch             |     3 |       ||     3
       Spear             |    10 |    38 ||    48
Throw: Stone             |    21 |       ||    21
       Large rock        |     3 |       ||     3
 Stab: Sleeping          |       |     3 ||     3
Armor: Robe              |    27 |    14 ||    41
Dodge: Dodged            |    49 |    23 ||    72
